 Dungeon Crawl Stone Soup version 0.31-a0-876-gfe8ebadbca (webtiles) character file.

Game seed: 7552294789362380072

138 Malachi the Ducker (level 5, -5/39 HPs)
             Began as a Vampire Gladiator on Oct 13, 2023.
             Splashed by a jelly's acid (8 damage)
             ... on level 4 of the Dungeon.
             The game lasted 00:02:49 (2425 turns).

Malachi the Ducker (Vampire Gladiator)              Turns: 2425, Time: 00:02:49

Health: -5/39      AC: -4    Str: 19    XL:     5   Next: 1%
Magic:  0/5        EV: 14    Int: 10    God:
Gold:   156        SH:  0    Dex: 18    Spells: 4/4 levels left

rFire   . . .        t - +4 dagger
rCold   . . .        (no shield)
rNeg    . . .        b - +0 leather armour
rPois   .            c - +0 helmet
rElec   .            (no cloak)
rCorr   .            (no gloves)
SInv    +            (no boots)
Will    .....        j - amulet of guardian spirit
Stlth   +            q - +6 ring of strength
HPRegen 0.46/turn    (no ring)
MPRegen 0.09/turn

%: guardian spirit
@: corroded, healing quickly
A: alive, fangs 3, see invisible, vampiric 2
a: Exsanguinate


You were on level 4 of the Dungeon.
You visited 1 branch of the dungeon, and saw 4 of its levels.

You collected 156 gold pieces.

Inventory:

Hand Weapons
 a - a +0 long sword
 t - a +4 dagger (weapon)
Missiles
 d - 3 throwing nets (quivered)
 e - a javelin
Armour
 b - a +0 leather armour (worn)
 c - a +0 helmet (worn)
 s - the scarf of Forking Paths {+Inv, -Tele rC+ Dex+4}
   (You found it on level 3 of the Dungeon)

   Dex+4:     It affects your dexterity (+4).
   rC+:       It protects you from cold.
   -Tele:     It prevents most forms of teleportation.
Jewellery
 j - an amulet of guardian spirit (around neck)
 q - a +6 ring of strength (left hand)
Talismans
 p - a serpent talisman
Scrolls
 f - a scroll of fog
 r - a scroll of fear
Potions
 g - 3 potions of degeneration
 k - a potion of enlightenment
 l - a potion of curing
 m - a potion of heal wounds
 n - a potion of magic {unknown}
 o - a potion of mutation {unknown}
 u - a potion of haste {unknown}
 v - a potion of attraction {unknown}
 w - a potion of resistance {unknown}


   Skills:
 + Level 2.7 Fighting
 + Level 3.8 Long Blades
 + Level 2.5 Throwing
 + Level 4.2 Dodging


You had 4 spell levels left.
You didn't know any spells.
Your spell library was empty.

Dungeon Overview and Level Annotations

Branches:
Dungeon (4/15)
 Temple: D:4-7

Altars:


Innate Abilities, Weirdness & Mutations

Your natural rate of healing is accelerated.
You have razor-sharp teeth.
You have supernaturally acute eyesight. (SInv)
You are afflicted with vampirism and can become a bat while bloodless.


Message History

a +0 whip; a ball python corpse
Found a long sword.
A quokka comes into view.
The quokka moves out of view.
A quokka is nearby!
A quokka is nearby!
You hit the quokka.
The quokka is severely wounded.
The quokka closely misses you.
You hit the quokka.
You kill the quokka!
No target in view!
A jelly comes into view.
The jelly quivers.
A jelly is nearby!
A jelly is nearby!
A jelly is nearby!
A jelly is nearby!
An endoplasm comes into view.
The jelly hits you but does no damage.
You hit the jelly.
Your hands burn!
The jelly is moderately wounded.
The jelly hits you. The acid corrodes you!
You are splashed with acid!
You hit the jelly.
Your hands burn!
The jelly is moderately wounded.
The jelly hits you.
You are splashed with acid.
You are too injured to fight recklessly!
You are too injured to fight recklessly!
You are too injured to fight recklessly!
You hit the jelly.
Your hands burn!
* * * LOW HITPOINT WARNING * * *
The jelly is heavily wounded.
The jelly hits you.
* * * LOW HITPOINT WARNING * * *
The acid corrodes you!
You are splashed with acid!
* * * LOW HITPOINT WARNING * * *
The jelly attacks as it pursues you! The jelly hits you.
* * * LOW HITPOINT WARNING * * *
You are splashed with acid!
You die...

~~~~ ### ~~ ~~~~~~ ...
..# ≈.≈ ≈.≈≈~ #.# #.# #
#~~ #≈~~ #.# #.####>.
##.###.######.# #.##<#.#
.#...#..)#..##.# #.##....
............##.###..))...
.............#.##........
.......J@................
.............#.##......##
.#...#...#...#.........#
##. ##.####.#..#.######
#~ #~≈~ #......# ~. ~.~~~
###..... ~ ~~~~P ###...
J~~P.. #...+


You could see a jelly and an endoplasm (asleep).

Vanquished Creatures
  5 adders
  2 worms
  3 dart slugs
  3 orcs (D:4)
  6 bats
  7 endoplasms
  8 giant cockroaches
  4 goblins
  3 hobgoblins
  3 jackals (D:1)
  7 kobolds
  5 quokkas
  8 ball pythons
  2 frilled lizards (D:1)
  5 rats
71 creatures vanquished.

Notes
Turn   | Place    | Note
-------+----------+-------------------------------------------
     0 | D:1      | Malachi the Vampire Gladiator began the quest for the Orb.
     0 | D:1      | Reached XP level 1. HP: 16/16 MP: 1/1
   143 | D:1      | Reached XP level 2. HP: 16/22 MP: 2/2
   404 | D:1      | Gained mutation: You are afflicted with vampirism and can
                  | become a bat while bloodless. [Vampire growth]
   404 | D:1      | Reached XP level 3. HP: 25/27 MP: 3/3
  1484 | D:3      | Reached XP level 4. HP: 31/34 MP: 2/4
  1488 | D:3      | Identified the scarf of Forking Paths {+Inv, -Tele rC+
                  | Dex+4}
  1525 | D:3      | Reached skill level 4 in Dodging
  2380 | D:4      | Reached XP level 5. HP: 29/39 MP: 3/5
  2425 | D:4      | Splashed by a jelly's acid

Illustrated notes

Levels and vault maps discovered:
D:1:      arrival_zaba_pyramid, layout_basic
D:2:      layout_rooms, serial_park_tiny_pond, solitary_fountain
D:3:      minmay_roachtagon, layout_basic
D:4:      wad_lake_hut, layout_basic, mainiacjoe_overflow_surrounded_room

Skill      XL: |  1  2  3  4 |
---------------+-------------+-----
Fighting       | 2 |  2.7
Throwing       | 2 |  2.5
Dodging        | 4 |  4.2
Long Blades    | |  3.8

Action                     |  1- 3 |  4- 6 || total
---------------------------+-------+-------++-------
  Melee: Long sword        |   140 |    78 ||   218
         Bite              |    17 |     8 ||    25
         Punch             |       |     1 ||     1
         Dagger            |       |     5 ||     5
    Use: Scroll            |       |     8 ||     8
   Stab: Sleeping          |     2 |     1 ||     3
 Armour: Leather armour    |    98 |    68 ||   166
  Dodge: Dodged            |   109 |    75 ||   184

Table legend: (Time is in decaauts)
 A = Elapsed time spent in this place.
 B = Non-inter-level travel time spent in this place.
 C = Inter-level travel time spent in this place.
 D = Time resting spent in this place.
 E = Time spent auto-exploring this place.
 F = Levels seen in this place.
 G = Mean time per level.
                   A        B        C        D        E       F      G
               +--------+--------+--------+--------+--------+-----+--------+
         Total |   2472 |   2415 |     57 |      0 |   1871 |   4 |  618.0 |
       Dungeon |   2472 |   2415 |     57 |      0 |   1871 |   4 |  618.0 |
               +--------+--------+--------+--------+--------+-----+--------+

Top non-repeatable levels by time:
     D:1: 978 daAuts
     D:3: 904 daAuts
     D:2: 530 daAuts
     D:4: 58 daAuts
